 Dungeon Crawl Stone Soup version 0.24.1-14-gf8d2b509d9 (webtiles) character file.

Game seed: 4433827615096611964, levelgen mode: deterministic

161 Froggeryz the Cutter (level 5, -2/37 HPs)
             Began as an Octopode Berserker on Nov 4, 2022.
             Was a Believer of Trog.
             Slain by Menkaure (22 damage)
             ... on level 4 of the Dungeon.
             The game lasted 00:01:50 (2719 turns).

Froggeryz the Cutter (Octopode Berserker)           Turns: 2719, Time: 00:01:50

Health: -2/37      AC:  1    Str: 16    XL:     5   Next: 42%
Magic:  5/5        EV: 14    Int:  9    God:    Trog [**....]
Gold:   191        SH:  0    Dex: 13    Spells: 4/4 levels left

rFire    . . .     SeeInvis .   k - +1 short sword (venom)
rCold    . . .     Gourm    .   (no shield)
rNeg     . . .     Faith    .   (helmet restricted)
rPois    .         Spirit   .   (no amulet)
rElec    .         Reflect  .   (no ring)
rCorr    .         Harm     .   (no ring)
MR       .....                  (no ring)
Stlth    ++........             (no ring)
HPRegen  0.12/turn              (no ring)
MPRegen  0.09/turn              (no ring)
                                (no ring)
                                (no ring)

@: no status effects
A: almost no armour, stealthy swim, amphibious, 8 rings, constrict 8, camouflage
1, gelatinous body 1
a: Berserk, Trog's Hand, Renounce Religion


You were on level 4 of the Dungeon.
You worshipped Trog.
Trog was pleased with you.
You were hungry.

You visited 1 branch of the dungeon, and saw 4 of its levels.

You collected 191 gold pieces.

Inventory:

Hand Weapons
 k - a +1 short sword of venom (weapon)
Missiles
 e - 6 javelins
 i - 20 poisoned darts (quivered)
 m - 4 boomerangs
Scrolls
 a - a scroll of identify {unknown}
 d - a scroll of immolation {unknown}
 f - a scroll of magic mapping {unknown}
 j - 2 scrolls of teleportation {unknown}
 o - 2 scrolls of remove curse {unknown}
 q - a scroll of amnesia {unknown}
 r - a scroll of enchant weapon {unknown}
Potions
 c - 2 potions of haste {unknown}
 g - 4 potions of curing {unknown}
 h - 2 potions of degeneration {unknown}
 l - a potion of cancellation {unknown}
 n - a potion of heal wounds {unknown}
 s - a potion of flight {unknown}
Comestibles
 b - 4 rations


   Skills:
 + Level 4.1 Fighting
 * Level 5.2 Short Blades
 - Level 3.0 Dodging


You had 4 spell levels left.
You didn't know any spells.
Your spell library was empty.

Dungeon Overview and Level Annotations

Branches:
Dungeon (4/15)
 Temple: D:4-7

Altars:

Annotations:
D:3 2 runed translucent doors, NeAGen181's ghost, weakling TeSu
D:4 Menkaure


Innate Abilities, Weirdness & Mutations

You cannot wear most types of armour.
You are very stealthy in the water. (Stealth+)
You are amphibious.
You can wear up to eight rings at the same time.
You can use your tentacles to constrict eight enemies at once.
Your skin changes colour to match your surroundings (Stealth+).
Your rubbery body absorbs attacks. (AC +1, EV +1)


Message History

A ball python is nearby!
You see here 27 stones.
Found a scroll labeled MOSEOSHRATRAIH.
No target in view!
No target in view!
No target in view!
No target in view!
You now have 187 gold pieces (gained 10).
There is a stone staircase leading down here.
You are feeling hungry.
b - 4 rations (gained 1) No target in view!
You now have 191 gold pieces (gained 4).
Menkaure, Prince of Dust comes into view.
Menkaure shouts!
Menkaure calls on the powers of darkness!
Your body is wracked with pain!
Menkaure hits you!!
Ouch! That really hurt!
You die...

#...#.........
###.#.#....#..
#......##.#..
###.......#.#..
##...........(..
#.......##.###..
##...######..#...
#.###...##
#....## #..M@.###
####### #.##### #


You could see Menkaure.

Vanquished Creatures
  A scorpion (D:4)
  A hound (D:3)
  An adder (D:2)
  An ooze (D:1)
  3 worms (D:2)
  3 leopard geckos
  4 orcs (D:3)
  A ball python (D:3)
  A giant cockroach (D:1)
  7 goblins
  6 hobgoblins
  10 jackals
  4 bats
  6 frilled lizards
  4 kobolds
  2 rats
55 creatures vanquished.

Notes
Turn   | Place    | Note
-------+----------+-------------------------------------------
     0 | D:1      | Froggeryz the Octopode Berserker began the quest for the
                  | Orb.
     0 | D:1      | Reached XP level 1. HP: 16/16 MP: 1/1
   129 | D:1      | Reached XP level 2. HP: 21/21 MP: 2/2
   909 | D:2      | Reached XP level 3. HP: 26/26 MP: 3/3
  1165 | D:2      | Reached skill level 4 in Short Blades
  1608 | D:2      | You fall into a shaft and drop 1 floor!
  1622 | D:3      | Reached XP level 4. HP: 27/32 MP: 4/4
  1711 | D:3      | Reached ** piety under Trog
  1958 | D:3      | Found a runed translucent door.
  1960 | D:3      | Noticed NeAGen181's ghost (weakling TeSu)
  2296 | D:3      | Found a runed translucent door.
  2575 | D:3      | Reached XP level 5. HP: 37/37 MP: 5/5
  2664 | D:4      | Reached skill level 5 in Short Blades
  2715 | D:4      | Noticed Menkaure
  2719 | D:4      | Slain by Menkaure

Levels and vault maps discovered:
D:1:      dpeg_arrival_simpleton_b, layout_loops_cross
D:2:      layout_basic
D:3:      layout_basic, ebering_ghost_sewer_f, chequers_serial_rivers_micro_e
D:4:      layout_rooms, first_ration, serial_shops, shop,
          nicolae_ru_great_annihilating_truth, uniq_menkaure, uniq_edmund

Skill      XL: |  1  2  3  4  5 |
---------------+----------------+-----
Short Blades   | 4 5 |  5.2
Fighting       | 4 |  4.1
Dodging        | |  3.0

Action                   |  1- 3 |  4- 6 || total
-------------------------+-------+-------++-------
Melee: Short sword       |    24 |    39 ||    63
       Constrict         |    16 |    11 ||    27
       Tentacles         |     8 |     6 ||    14
       Dagger            |    46 |       ||    46
Throw: Dart              |     2 |       ||     2
 Stab: Sleeping          |     6 |     3 ||     9
  Eat: Chunk             |     2 |     3 ||     5
Armor: Skin              |     3 |     1 ||     4
Dodge: Dodged            |    36 |    23 ||    59
